[Event "IX Famalicao Open 2022"]
[Site "Vila Nova de Famalicao"]
[Date "2022.07.25"]
[Round "1.1"]
[White "Martinez Duany, Lelys Stanley"]
[Black "Pereira, Rodrigo Fernandes"]
[Result "1-0"]
[ECO "B24"]
[WhiteElo "2497"]
[BlackElo "1880"]
[Annotator "TA"]
[PlyCount "43"]
[EventDate "2022.07.25"]
[EventType "tourn"]
[EventCountry "POR"]
[SourceTitle "playchess.com"]
[Source "ChessBase"]
[SourceQuality "1"]
[TimeControl "5400+30"]

1. e4 c5 2. Nc3 Nc6 3. Bb5 e6 4. Bxc6 bxc6 5. d3 g6 {[#]} (5... d5 $11 {keeps the balance.}) 6. h4 $146 {B23: Closed Sicilian: Lines without g3.} (6. e5 $16) ({Predecessor:} 6. f4 Ne7 7. Nf3 Bg7 8. O-O Rb8 9. Qe1 O-O 10. b3 d6 11. Rb1 f5 12. Bd2 Qc7 13. e5 d5 14. Na4 c4 15. Ba5 Qd7 16. Nc5 Qe8 17. bxc4 Rxb1 18. Qxb1 {1-0 (18) Hros,R (2199)-Ihnat,M (2065) Topolcany 2020}) 6... Bg7 $11 7. h5 Bxc3+ (7... d6 $11) 8. bxc3 $16 {White is better.} g5 9. e5 h6 10. Nf3 Ne7 11. Nd2 Qc7 (11... O-O $16) 12. Nc4 (12. Qe2 $18) 12... Ba6 {This move loses the game for Black.} (12... Nf5 $16) 13. Nd6+ $18 Kf8 14. O-O {Hoping for f4.} ({Much less strong is} 14. Qf3 $6 f5 $16) 14... Nf5 15. Be3 Nxd6 (15... c4 {was worth a try.} 16. Bc5 (16. dxc4 Nxd6 17. Bc5 Kg8 $16) (16. Nxc4 Bxc4 17. dxc4 Qxe5 $14) 16... Kg8) 16. Bxc5 {[%mdl 64] [#] Pin} Qa5 17. Bxd6+ Kg8 18. c4 f5 19. exf6 Qf5 20. Re1 {White is clearly winning.} Rh7 21. Be5 {[#] Threatens to win with g4.} c5 (21... Rf7 $142 22. g4 Qh7) 22. g4 {Weighted Error Value: White=0.22 (precise) /Black=0.51} 1-0

[Event "IX Famalicao Open 2022"]
[Site "Vila Nova de Famalicao"]
[Date "2022.07.25"]
[Round "1.2"]
[White "Cabete, Manuel"]
[Black "Spraggett, Kevin"]
[Result "1/2-1/2"]
[ECO "B48"]
[WhiteElo "1373"]
[BlackElo "2487"]
[Annotator "TA"]
[PlyCount "72"]
[EventDate "2022.07.25"]
[EventType "tourn"]
[EventCountry "POR"]
[SourceTitle "playchess.com"]
[Source "ChessBase"]
[SourceQuality "1"]
[TimeControl "5400+30"]

1. e4 c5 2. Nf3 e6 3. d4 cxd4 4. Nxd4 Nc6 5. Nc3 Qc7 6. Be3 a6 7. Qf3 {[%emt 0:02:56] B48: Sicilian: Taimanov: 5 Nc3 Qc7 6 Be3 a6 without Be2.} Nf6 8. O-O-O d6 {[%emt 0:02:57] 8...Rb8 is setting a new trend.} 9. Kb1 {[%emt 0:10:39] White is more active.} (9. Nxc6 $14 bxc6 10. Qg3) 9... Bd7 $11 10. Qg3 Rc8 11. f3 Nxd4 12. Bxd4 e5 13. Be3 {[%emt 0:01:09] [#]} b5 $146 ({Predecessor:} 13... Be6 14. Qf2 h5 15. Bd3 Be7 16. h3 Qc6 17. g4 g6 18. Rhe1 hxg4 19. hxg4 Kf8 {1-0 (53) Ponomariov,R (2694)-Jaracz,P (2465) Katowice 2017}) 14. Qf2 h6 15. Nd5 Nxd5 16. Rxd5 Be6 17. Rd2 Be7 18. h4 Qa5 19. b3 $1 Qc3 20. Rd3 Qc6 21. g3 O-O 22. g4 {[%emt 0:02:20] Inhibits f5.} d5 23. exd5 Bxd5 24. Bg2 Rfd8 (24... f5 $17 {White must now prevent ...fxg4.} 25. g5 e4 26. Rxd5 (26. fxe4 $2 fxe4 27. Rc3 Qxc3 $19) 26... f4) 25. g5 h5 26. Rhd1 e4 27. fxe4 Bxe4 28. Rxd8+ Bxd8 29. Bxe4 Qxe4 30. Rf1 Qg6 31. Qf5 Qxf5 32. Rxf5 Be7 33. Kc1 Re8 34. Kd2 Bd6 35. Bf2 Be5 36. Rf3 Rc8 {[%emt 0:03:11] Weighted Error Value: White=0.09 (flawless) /Black=0.08 (flawless)} 1/2-1/2

[Event "IX Famalicao Open 2022"]
[Site "Vila Nova de Famalicao"]
[Date "2022.07.25"]
[Round "1.4"]
[White "Camacho, Filipa Fernandes Bri"]
[Black "Petkov, Vladimir"]
[Result "0-1"]
[ECO "A00"]
[WhiteElo "1358"]
[BlackElo "2470"]
[Annotator "TA"]
[PlyCount "62"]
[EventDate "2022.07.25"]
[EventType "tourn"]
[EventCountry "POR"]
[SourceTitle "playchess.com"]
[Source "ChessBase"]
[SourceQuality "1"]
[TimeControl "5400+30"]

1. g3 d5 2. Bg2 Nc6 3. d3 e5 {[#]} 4. Bd2 $146 ({Predecessor:} 4. Nf3 Nf6 5. O-O h6 6. Nc3 Be6 7. a3 Qd7 8. b4 Bd6 9. Bb2 a5 10. b5 Ne7 11. d4 e4 12. Ne5 Qc8 13. f3 Nf5 14. fxe4 {0-1 (43) Lagarde,M (2648)-Indjic,A (2607) Europe Echecs INT 2021}) 4... Nf6 5. c4 dxc4 6. dxc4 {A00: Irregular Openings.} Bc5 7. e3 {Against Qd4} Be6 8. Qb3 {Black is better.} Rb8 {Black is more active.} 9. Ne2 O-O 10. O-O Qd7 11. Qb5 Be7 12. b3 {This move loses the game for White.} (12. Bc3 $17 {was worth a try.}) 12... Bh3 13. Rd1 (13. c5 $142) 13... Bxg2 $19 14. Kxg2 a6 15. Qa4 b5 (15... Qf5 $2 16. Nbc3 $19) 16. cxb5 axb5 17. Qh4 b4 {Prevents Nbc3.} 18. Qc4 Rfd8 19. Rc1 {[#]} Na5 20. Qxc7 Qd5+ (20... Qf5 21. Qxe7 Re8 22. Qc7 $16) 21. f3 $2 {[#]} (21. Kg1 Rb7 22. Qc2) 21... e4 $1 22. f4 (22. Qf4 Bd6) 22... Qh5 23. Nd4 {[#] Prevents Qf3+.} Nd5 ({Worse is} 23... Ng4 24. h3 Nf6 25. g4 (25. Qxe7 Rxd4 26. exd4 Qf3+ 27. Kh2 Qf2+ 28. Kh1 Qxg3 $11) 25... Nxg4 26. Qxe7 $11) ({Not} 23... Bd6 24. Qc2 $17) (23... Rxd4 $142 $1 24. exd4 (24. Kg1 Rb7) 24... Qf3+ 25. Kh3 (25. Kg1 {leads to mate.} Ng4 26. Qxb8+ Bf8) 25... Re8) 24. Qc2 $2 (24. Qe5 Qxe5 25. fxe5) 24... Bf6 {[%cal Od5f4] And now ...Nxf4+! would win.} 25. Qxe4 (25. Qd1 Qxd1 26. Rxd1) 25... Bxd4 26. exd4 Re8 27. Qd3 Re2+ {[%mdl 64] Skewer, Deflection} 28. Kf1 Rbe8 29. g4 Qxh2 30. Qf3 {[#]} h5 $1 {[%cal Oh5g4] ( -> ...hxg4!)} 31. gxh5 {[#]} (31. Rc8 Rxc8) 31... R8e3 $1 {[%mdl 512] Weighted Error Value: White=1.15/Black=0.16 (very precise)} 0-1

[Event "IX Famalicao Open 2022"]
[Site "Vila Nova de Famalicao"]
[Date "2022.07.25"]
[Round "1.5"]
[White "Das, Sayantan"]
[Black "Lopes, Tome Igreja"]
[Result "1-0"]
[ECO "A20"]
[WhiteElo "2449"]
[BlackElo "1348"]
[Annotator "TA"]
[PlyCount "47"]
[EventDate "2022.07.25"]
[EventType "tourn"]
[EventCountry "POR"]
[SourceTitle "playchess.com"]
[Source "ChessBase"]
[SourceQuality "1"]
[TimeControl "5400+30"]

1. c4 e5 2. g3 Nf6 3. Bg2 c6 4. d4 exd4 5. Qxd4 Qb6 6. Qe5+ {[%emt 0:05:47] A20: English Opening: 1...e5.} Be7 $1 7. Be3 d6 8. Qc3 {[%emt 0:03:19] The position is equal.} Qd8 {[%emt 0:03:16] [#]} 9. Nd2 $146 ({Predecessor:} 9. Nf3 O-O 10. O-O Ne4 11. Qc2 Ng5 12. Nxg5 Bxg5 13. f4 Bf6 14. Bf2 Re8 15. Nc3 Bxc3 16. bxc3 {1-0 (30) Schunk,T (2300)-Eppler,K Gruenheide 1996}) 9... O-O 10. Nh3 d5 11. Nf4 Be6 12. Nxe6 {[%emt 0:03:26] White is more active.} fxe6 13. Bh3 Qc8 ({Black should play} 13... Na6) 14. Qe5 Kf7 (14... Qe8 $16 {might work better.}) 15. Nf3 $18 Bb4+ {[%emt 0:00:44] [#]} 16. Kf1 $1 h6 17. Rc1 {[%emt 0:01:58] aiming for a3.} Re8 $2 (17... Qd7 {was worth a try.} 18. Bf4 Na6) 18. cxd5 Nxd5 {[%emt 0:02:02] [#]} 19. Bd4 ({Weaker is} 19. a3 Bf8 20. Qh5+ Kg8 $16) (19. Bxh6 $142 $1 gxh6 20. Qh5+ Ke7 21. e4 (21. Ne5 Nd7 $11)) 19... Bf8 (19... Nf6 20. Qf4 Be7) 20. Qh5+ Kg8 21. Ne5 Re7 {[%emt 0:06:41] Against Qf7+} 22. Ng6 {[%emt 0:00:40][%cal Oh5d5] Threatens to win with Qxd5!} ({Resist} 22. Bc5 Nf6 23. Qg6 Nbd7 $18) 22... Rf7 $2 {[%emt 0:03:08] [#]} (22... Qd7 23. e4 (23. Qf3 Re8 $16) 23... Nc7) 23. Qxd5 $3 Qe8 (23... exd5 24. Bxc8) 24. Qxe6 {[%emt 0:00:29] Weighted Error Value: White=0.17 (very precise) /Black=0.69} 1-0

[Event "IX Famalicao Open 2022"]
[Site "Vila Nova de Famalicao"]
[Date "2022.07.25"]
[Round "1.6"]
[White "Marques, Joao Paulo Cassemiro"]
[Black "Abdisalimov, Abdimalik"]
[Result "0-1"]
[ECO "A46"]
[WhiteElo "2226"]
[BlackElo "2437"]
[Annotator "TA"]
[PlyCount "100"]
[EventDate "2022.07.25"]
[EventType "tourn"]
[EventCountry "POR"]
[SourceTitle "playchess.com"]
[Source "ChessBase"]
[SourceQuality "1"]
[TimeControl "5400+30"]

1. d4 Nf6 2. Nf3 e6 3. Bf4 d5 4. e3 c5 5. c4 cxd4 6. exd4 {D02: 1 d4 d5 2 Nf3 sidelines, including 2...Nf6 3 g3 and 2...Nf6 3 Bf4.} Bb4+ 7. Bd2 Be7 8. Nc3 {The position is equal.} O-O 9. Bd3 dxc4 10. Bxc4 Nc6 11. Be3 b6 12. O-O Bb7 {[#]} 13. d5 $146 (13. Qe2 $11 {remains equal.}) ({Predecessor:} 13. Rc1 Rc8 14. Qe2 Bd6 15. Rfd1 h6 16. Ne5 Qe7 17. f4 Rfd8 18. a3 Na5 19. Bb5 Nd5 20. Nxd5 Bxd5 21. b4 Nb3 22. Rc4 Rc7 23. Qd3 Rdc8 24. Ba6 Bxe5 25. Rxc7 Rxc7 {½-½ (24) Yeremeyeev,A-Griesche,V DESC email 2011}) 13... Na5 $17 {[%csl LRc4,LRd5] White is now going downhill.} 14. d6 (14. Bb5 $17) 14... Bxd6 15. Be2 Ng4 16. Qd4 Nxe3 17. Qxe3 Qf6 18. Ne4 Bxe4 19. Qxe4 {[#] And now b4 would win.} Qxb2 20. Bd3 g6 21. Qh4 Rad8 22. Rab1 Qg7 23. Rfd1 Nc6 24. Bc4 Be7 25. Qh3 (25. Qe4 $142 Rxd1+ 26. Rxd1) 25... Qf6 26. Qg3 Bc5 27. Qc7 (27. Qg5 $142 Qxg5 28. Nxg5) 27... Nd4 $19 28. Rd3 (28. Qb7 {was worth a try.}) 28... Ne2+ 29. Kf1 Nf4 30. Rxd8 Rxd8 31. Qe5 Qxe5 32. Nxe5 Rd2 33. g3 (33. Ng4 $142) 33... Rxf2+ 34. Ke1 Ng2+ 35. Kd1 Ne3+ 36. Ke1 Rf5 37. Nd7 Nxc4 38. Ke2 Bd4 {...b5 is the strong threat.} 39. Kd3 Rd5 40. Kxc4 Rxd7 {[%mdl 4096] Endgame KRB-KR} 41. Rd1 e5 42. Kb5 e4 43. Kc4 {[#]} e3 $1 44. Kd3 (44. h4 e2) 44... Bc5+ {Black mates.} 45. Ke2 Rxd1 46. Kxd1 f5 47. Ke2 g5 48. Kf3 g4+ 49. Ke2 h5 50. a4 f4 {Weighted Error Value: White=0.53/Black=0.13 (very precise)} 0-1

[Event "IX Famalicao Open 2022"]
[Site "Vila Nova de Famalicao"]
[Date "2022.07.25"]
[Round "1.7"]
[White "Nigmatov, Ortik"]
[Black "Pacheco, Joao"]
[Result "1-0"]
[ECO "B32"]
[WhiteElo "2437"]
[BlackElo "2040"]
[Annotator "TA"]
[PlyCount "39"]
[EventDate "2022.07.25"]
[EventType "tourn"]
[EventCountry "POR"]
[SourceTitle "playchess.com"]
[Source "ChessBase"]
[SourceQuality "1"]
[TimeControl "5400+30"]

1. e4 c5 2. Nf3 Nc6 3. d4 cxd4 4. Nxd4 e5 5. Nxc6 bxc6 6. Nc3 Nf6 7. Bc4 Bb4 8. O-O Bxc3 {B33: Sicilian: Pelikan and Sveshnikov Variations.} 9. bxc3 Nxe4 (9... d5 10. exd5 cxd5 11. Bb5+ Bd7 12. Bxd7+ Nxd7 13. Qxd5 $14) 10. Ba3 d5 {The position is equal.} 11. Bd3 $40 {[%cal Bc4d3,Bd3e4,Be4d5][%mdl 160] [#] White has some attack. A strong pair of Bishops.} Nd6 $146 {Prevents c4. This move loses the game for Black.} (11... Nxc3 $2 12. Qe1 Nb5 13. Qxe5+ Be6 14. Qxg7 $18) (11... Qa5 $11 12. Bb4 Qc7) ({Predecessor:} 11... Nf6 12. Re1 e4 13. f3 Bf5 14. c4 Qb6+ 15. Kh1 O-O-O 16. Be2 exf3 17. Bxf3 Ne4 18. Bxe4 Bxe4 {1-0 (30) Frois,V (1642)-Vieira,P (1900) Sao Paulo 2014}) 12. Qh5 $18 e4 (12... Qf6 $16 {was called for.}) 13. Qe5+ Be6 14. Qxg7 (14. Qxd6 Qxd6 15. Bxd6 exd3 $11) ({Better is} 14. Bxd6 $18 exd3 15. cxd3) 14... Kd7 $16 15. Bxd6 {[%cal Od6g3] Strongly threatening Bg3!} Kxd6 (15... Rg8 $16 16. Qd4 (16. Qe5 exd3 17. Bc5 Qb8 $11) 16... exd3) 16. Bxe4 $1 $18 Qh4 $2 {[#]} (16... Rg8 17. Qd4 (17. Qxh7 Qf6 $19) 17... Qb6) 17. f4 $1 {Hoping for Qe5+.} c5 $2 (17... dxe4 $2 18. Qe5+ Kd7 19. Rad1+ Bd5 20. Rxd5+ (20. c4 Qe7 $16) 20... cxd5 21. Rd1 $18) (17... Qd8 18. Bd3 (18. Qd4 Qb6 $16) 18... f6) (17... Rhg8 18. Qe5+) 18. Qe5+ Kd7 19. Bxd5 Rae8 20. Rab1 {Weighted Error Value: White=0.14 (very precise) /Black=1.20} 1-0

[Event "IX Famalicao Open 2022"]
[Site "Vila Nova de Famalicao"]
[Date "2022.07.25"]
[Round "1.8"]
[White "Alves, Damiao Fernando"]
[Black "Krishna C R G"]
[Result "0-1"]
[ECO "B00"]
[WhiteElo "1316"]
[BlackElo "2430"]
[Annotator "TA"]
[PlyCount "36"]
[EventDate "2022.07.25"]
[EventType "tourn"]
[EventCountry "POR"]
[SourceTitle "playchess.com"]
[Source "ChessBase"]
[SourceQuality "1"]
[TimeControl "5400+30"]

1. e4 d6 2. d4 Nf6 3. Bd3 e5 4. Nf3 Nc6 5. d5 Ne7 6. c4 g6 7. Nc3 Bg7 8. O-O O-O 9. b4 {E90: King's Indian: Classical: Early deviations and 6 h3.} (9. h3 $14) 9... Nh5 {[%cal Bf6h5,Bh5f4,Bf4h3,Bh3f2][%mdl 32] [#]} 10. Nd2 $146 ({Predecessor:} 10. Bb2 Nf4 11. Ne2 Nxd3 12. Qxd3 f5 13. exf5 e4 {0-1 (13) Ziemann,U (1803)-Basel,M (1989) Bayern 2017}) 10... Nf4 11. Bc2 {[#]} ({White should try} 11. Nb3 $11) 11... f5 {Black is more active.} (11... Bh3 $1 $15 12. gxh3 (12. g3 Bxf1) 12... Nexd5 $1 ) 12. Ba3 b6 13. c5 fxe4 14. Ndxe4 Nf5 {And now ...Qh4 would win.} 15. g3 {Prevents Qh4.} Nh3+ 16. Kg2 $1 Bh6 {[%cal Oh3f2] aiming for ...Nxf2!} 17. cxd6 $2 {[%mdl 8192] [#]} (17. Bc1 $15) 17... Nxf2 $1 $19 18. dxc7 Qxc7 {Black took control after the opening.  Weighted Error Value: White=0.75/Black=0.20 (precise)} ({Stronger than} 18... Nxd1 19. cxd8=Q Nde3+ 20. Kh1 Rxd8 21. Rf2 $17) ({Don't blunder} 18... Ne3+ $2 19. Kg1 Qxc7 20. Rxf2 $19) 0-1

[Event "IX Famalicao Open 2022"]
[Site "Vila Nova de Famalicao"]
[Date "2022.07.25"]
[Round "1.9"]
[White "Akhvlediani, Irakli"]
[Black "Lachever, Diogo Freire"]
[Result "1-0"]
[ECO "A50"]
[WhiteElo "2429"]
[BlackElo "1303"]
[Annotator "TA"]
[PlyCount "65"]
[EventDate "2022.07.25"]
[EventType "tourn"]
[EventCountry "POR"]
[SourceTitle "playchess.com"]
[Source "ChessBase"]
[SourceQuality "1"]
[TimeControl "5400+30"]

1. d4 Nf6 2. c4 b6 3. Nc3 Bb7 4. f3 e6 5. e4 d5 6. e5 {[%emt 0:01:41] A50: Queen's Fianchetto Defence (1 d4 Nf6 2 c4 b6).} Nfd7 7. cxd5 exd5 8. f4 {[%emt 0:00:11] White is slightly better.} Be7 9. Nf3 c5 {[%emt 0:00:49] [#]} 10. dxc5 $146 (10. Bb5 $16) ({Predecessor:} 10. Be3 O-O 11. Bd3 Nc6 12. O-O cxd4 13. Nxd4 Nxd4 14. Bxd4 Bc5 15. Ne2 Qe7 16. Kh1 {0-1 (34) Ivanchuk,V (2710)-Mamedyarov,S (2747) Huaian 2016}) 10... Bxc5 11. Bd3 Nc6 12. a3 {[%emt 0:00:09] Against Nb4. White stays focused until the end.} a5 {[%emt 0:05:22] Prevents b4.} 13. Qe2 Nd4 ({Black should try} 13... O-O $14) 14. Nxd4 $16 Bxd4 15. Nb5 Bc5 16. Rb1 {[%emt 0:10:41][%cal Ba1b1,Bb1b3,Bb3h3][%mdl 32] b4 is the strong threat. White is more active.} O-O {[%emt 0:01:34] [#]} (16... a4 $16) 17. b4 $1 $18 (17. Qh5 g6 18. Qh3 Qe7 $11) 17... axb4 18. axb4 Be7 (18... Qh4+ 19. g3 Qh3 20. bxc5) 19. O-O (19. Qh5 g6 20. Qe2 Nb8 $14) 19... d4 20. Rb3 $40 {[%emt 0:05:38][%mdl 128] White goes for the king.} ({Weaker is} 20. Nxd4 {[#]} Nxe5 $1 21. fxe5 (21. Qxe5 Bf6 $17) 21... Qxd4+ 22. Kh1 (22. Be3 Qxe5 23. Bxb6 Qxe2 $11) 22... Rad8 $15) 20... Bd5 $2 {[%emt 0:03:20] [#]} (20... g6 {was worth a try.} 21. Bc4 (21. Nxd4 Nxe5 22. Nf5 Nc6 $11) 21... Rc8) 21. Bxh7+ $1 Kxh7 22. Rh3+ Kg8 23. Qh5 f6 (23... f5 $142 24. Nxd4 Ra2 25. Qh7+ Kf7 26. e6+ Bxe6 27. Qh5+ g6 28. Qh7+ Kf6 29. Qh4+ Kf7 30. Qh7+ Kf6 31. Qh4+ Kf7 32. Qh7+) 24. Nxd4 Ra2 25. Qh7+ ({Don't blunder} 25. e6 $2 Rxg2+ 26. Kh1 Rg5+ 27. Qf3 Bxf3+ $19) 25... Kf7 26. e6+ Bxe6 27. Qh5+ g6 28. Qh7+ {[%emt 0:00:02][%mdl 64] Deflection} Ke8 29. Nxe6 Qc8 30. Qxg6+ Rf7 31. Rh8+ Nf8 32. Nxf8 {[%emt 0:00:06] White threatens Nh7+ and mate.} Rc2 33. Ne6+ {[%emt 0:00:12] Weighted Error Value: White=0.13 (very precise) /Black=0.74} 1-0

[Event "IX Famalicao Open 2022"]
[Site "Vila Nova de Famalicao"]
[Date "2022.07.25"]
[Round "1.10"]
[White "Bento, David"]
[Black "Umetsubo, Cesar Hidemitsu"]
[Result "0-1"]
[ECO "B20"]
[WhiteElo "1296"]
[BlackElo "2405"]
[Annotator "TA"]
[PlyCount "94"]
[EventDate "2022.07.25"]
[EventType "tourn"]
[EventCountry "POR"]
[SourceTitle "playchess.com"]
[Source "ChessBase"]
[SourceQuality "1"]
[TimeControl "5400+30"]

1. e4 c5 2. c4 Nc6 3. Nc3 g6 4. g3 Bg7 5. Bg2 d6 6. Nge2 e6 7. d3 Nge7 8. Be3 Nd4 9. O-O O-O 10. Qd2 Nec6 11. h3 {[%emt 0:06:59] A36: Symmetrical English vs ...g6: 4 Bg2 Bg7.} a6 12. f4 Rb8 {[%emt 0:01:08] [#] Black is more active.} 13. e5 $146 (13. Rae1 $15) ({Predecessor:} 13. g4 b5 14. Ng3 b4 15. Nce2 b3 16. f5 Nc2 17. Bh6 Nxa1 18. Bxg7 Kxg7 19. f6+ {0-1 (41) Urbanc,S (1646)-Cmor,N (2014) Slovenia 2017}) 13... dxe5 $17 14. Ne4 b6 15. fxe5 Nxe2+ ({Inferior is} 15... Nxe5 16. Nxd4 cxd4 17. Bg5 $15) ({Black should try} 15... Bxe5 $19 16. Nxd4 Nxd4) 16. Qxe2 Nxe5 17. Rad1 f5 18. Ng5 {[%emt 0:16:46] [#]} Nf7 $1 19. Nxf7 Rxf7 20. Bf4 e5 21. Be3 (21. Bxe5 $17 Re7 22. d4 (22. Bd5+ Be6 $17) 22... cxd4 23. Bd5+ Be6 24. Bxg7 (24. Rxd4 $2 Qe8 $19) 24... Bxd5 25. Qf2 Bxc4 26. Bf6 Bxf1 27. Kxf1) 21... Bb7 $19 22. Kh2 Bxg2 23. Kxg2 Rd7 24. h4 Rd6 25. Rd2 (25. b4 {was called for.}) 25... Qd7 26. Rfd1 Re8 27. Qf3 Qc6 28. Qxc6 Rxc6 29. Kf2 Rd6 30. a3 a5 31. a4 h5 32. Bg5 Bf6 33. Bxf6 Rxf6 {[%emt 0:00:02][%mdl 4096] Endgame KRR-KRR} 34. Re1 Rd6 35. Re3 Kf7 36. Rde2 Kf6 37. Rd2 e4 {[%emt 0:01:43] [#] Hoping for ...Red8.} 38. Ke2 $2 (38. Rde2 Rd4 39. Re1) 38... Red8 39. b3 g5 {[%emt 0:00:22] And now ...Rxd3 would win.} 40. Rd1 gxh4 {[%emt 0:00:39] ( -> ...Rxd3)} 41. gxh4 Ke5 {[%emt 0:00:21] aiming for ...Rxd3.} 42. Rd2 Kf4 {[%emt 0:00:28] ...Rg6 is the strong threat.} 43. Rd1 Rxd3 44. Rexd3 Rxd3 45. Rxd3 exd3+ {[%emt 0:00:11] Black mates.} 46. Kxd3 Kf3 47. Kd2 f4 {[%emt 0:00:08] Weighted Error Value: White=0.80/Black=0.25 (precise)} 0-1

[Event "IX Famalicao Open 2022"]
[Site "Vila Nova de Famalicao"]
[Date "2022.07.25"]
[Round "1.11"]
[White "Campora, Daniel H."]
[Black "Frolov, Ilya"]
[Result "1-0"]
[ECO "B21"]
[WhiteElo "2397"]
[BlackElo "1288"]
[Annotator "TA"]
[PlyCount "39"]
[EventDate "2022.07.25"]
[EventType "tourn"]
[EventCountry "POR"]
[SourceTitle "playchess.com"]
[Source "ChessBase"]
[SourceQuality "1"]
[TimeControl "5400+30"]

1. e4 c5 2. f4 Nc6 3. Nf3 e6 4. Bb5 d5 5. Bxc6+ bxc6 6. Nc3 Ba6 {B23: Closed Sicilian: Lines without g3.} 7. d3 Bd6 8. O-O Ne7 {[#] The position is equal.} 9. b3 $146 ({Predecessor:} 9. Qe1 Qb6 10. Kh1 h6 11. a3 O-O-O 12. Na4 Qb5 13. Nc3 Qb6 14. Na4 Qb5 15. Nc3 {1-0 (41) Povilaitis,T (1710)-Petersons,O (1752) Panevezys 2016}) 9... f6 (9... c4 $11) 10. e5 $16 fxe5 (10... Bc7 $16) 11. fxe5 $18 ({Worse is} 11. Nxe5 O-O $11) 11... Bc7 12. Na4 (12. Ng5 $18 Bxe5 13. Qe1 (13. Nxe6 Qd7 $14)) 12... Bb6 (12... O-O $16) 13. c4 ({White should play} 13. Ng5 $18 Nf5 14. Nxe6) 13... O-O $16 14. Ba3 Ng6 (14... Nf5 $16 {was necessary.}) 15. Qc2 (15. Bxc5 $18 Rf5 16. Rc1) 15... Nh4 {[#]} (15... dxc4 $14 {is more appropriate.} 16. dxc4 Nxe5) 16. Nxh4 $1 Qxh4 17. Qb2 Qg5 18. Qe2 {Inhibits Qe3+.} ({Don't go for} 18. Bxc5 $2 Bxc5+ 19. Nxc5 Qe3+ 20. Rf2 Qxc5 $19) 18... Bc7 (18... Rxf1+ $16 {keeps fighting.} 19. Rxf1 Rf8) 19. Nxc5 $18 Bc8 $2 {[#]} (19... Bb6 20. d4 Qe7) 20. Rxf8+ {Weighted Error Value: White=0.15 (very precise) /Black=0.52} 1-0

[Event "IX Famalicao Open 2022"]
[Site "Vila Nova de Famalicao"]
[Date "2022.07.25"]
[Round "1.12"]
[White "Santos, Joao Artur Almeida"]
[Black "Dias, Paulo"]
[Result "0-1"]
[ECO "C58"]
[WhiteElo "1954"]
[BlackElo "2348"]
[Annotator "TA"]
[PlyCount "80"]
[EventDate "2022.07.25"]
[EventType "tourn"]
[EventCountry "POR"]
[SourceTitle "playchess.com"]
[Source "ChessBase"]
[SourceQuality "1"]
[TimeControl "5400+30"]

1. e4 e5 2. Nf3 Nc6 3. Bc4 Nf6 4. Ng5 d5 5. exd5 Na5 6. Bb5+ c6 7. dxc6 bxc6 8. Bd3 {is now more promising than 8.Be2.} Be7 {C58: Two Knights: 4 Ng5 d5 5 exd5 Na5 sidelines.} (8... Nd5 $11 9. Nf3 (9. Qh5 $2 g6 $17) 9... Nf4) 9. Nc3 Nd5 10. Nge4 (10. Nf3 $1 $14) 10... Nf4 $15 {[%csl LRd3,LRg2][%mdl 1024] Black has compensation. Black is slightly better.} 11. Bf1 {[%cal Od2d4] [#]} f5 $146 ({Predecessor:} 11... O-O 12. d3 f5 13. Ng3 Bd6 14. Qf3 Bb7 15. Bd2 c5 16. Qd1 Nxg2+ 17. Bxg2 Bxg2 18. Rg1 Bh3 19. Qe2 Nc6 20. Qf3 e4 21. dxe4 Ne5 22. Qe2 Bg4 23. f4 {0-1 (23) Tomcikova,Z (1654)-Yurovskikh,Y (1842) Prague 2016}) 12. Ng3 (12. g3 $2 Nd5 13. Bg2 fxe4 14. Nxe4 O-O $17) 12... Bc5 (12... O-O $1 $15) 13. d3 Qb6 (13... Qd4 $2 14. Be3 Qd6 15. Nge4 $1 fxe4 16. Nxe4 Bb4+ 17. c3 $18) ({Better is} 13... O-O $11) 14. Qf3 (14. Bxf4 $2 Bxf2+ 15. Kd2 exf4 $19) (14. Qd2 $14 Be7 15. Nge2) 14... O-O $17 15. Be2 Ne6 ({Black should try} 15... g5 $1 $17 {[%cal Rg5g4] White must now prevent ...g4.} 16. h3 Bd4) 16. O-O $11 ({But not} 16. Nxf5 $2 Nd4 17. Nxd4 exd4 $19) 16... Nd4 17. Qh5 Nxc2 18. Rb1 {Hoping for Na4.} Nb7 19. Na4 Qa6 (19... Qb4 $15 {stays ahead.}) 20. Nxc5 $18 Nxc5 21. d4 Nd3 (21... Qxa2 $2 22. dxc5 $1 Qxb1 23. Bc4+ Kh8 24. Qg5 $18) 22. Rd1 (22. dxe5 $16 {Threatens to win with Rd1.} Nd4 23. Bxd3 Qxd3 24. Be3) 22... e4 $11 23. Qg5 {And now Nh5 would win.} Nxd4 24. Bxd3 exd3 25. Nh5 Ne6 {Active counter play!} 26. Qe3 (26. Qg3 $15) 26... f4 $1 $40 {[%mdl 128] Black is out for blood.} 27. Qe5 {[#]} (27. Qe4 $17) 27... Qb5 $1 $19 ({Worse is} 27... Qxa2 28. Bxf4 Rd8 29. Qc3 $17) 28. Bxf4 {[#]} (28. Qxb5 $142 cxb5 29. Rxd3) 28... Qxe5 (28... Rxf4 $1 $19 29. Qxb5 cxb5 30. Nxf4 Nxf4) 29. Bxe5 $17 Rf5 $1 30. Bxg7 (30. f4 {might work better.} Rxh5 31. Rxd3) 30... Rxh5 $19 ({Not} 30... Nxg7 31. Nxg7 Kxg7 32. Rxd3 $19) 31. Bc3 Nf4 32. h3 Rg5 {...Bxh3 is the strong threat.} 33. Bd2 Rxg2+ 34. Kf1 {[#]} Bxh3 $1 {( -> ...Rg6+)} 35. Bxf4 Rg4+ 36. Ke1 Rxf4 37. Rxd3 Re8+ 38. Kd2 Rxf2+ 39. Kc3 Bf5 40. Rd6 Bxb1 {Quite a comeback for Black.  Weighted Error Value: White=0.77/Black=0.32} 0-1